 Dungeon Crawl Stone Soup version 0.31-a0-4-gefa6de2278 (webtiles) character file.

Game seed: 5103866154984974548

1944 garrulousMonolith the Vexing (level 9, -3/67 HPs)
             Began as a Gnoll Hexslinger on May 3, 2023.
             Slain by a killer bee (5 damage)
             ... on level 7 of the Dungeon.
             The game lasted 00:11:23 (5572 turns).

garrulousMonolith the Vexing (Gnoll Hexslinger)     Turns: 5572, Time: 00:11:23

Health: -3/67      AC: 11    Str: 10    XL:     9   Next: 18%
Magic:  15/16      EV: 14    Int: 19    God:
Gold:   244        SH:  0    Dex: 12    Spells: 8/18 levels left

rFire   . . .        b - +6 dagger "Usoazen" {freeze, Int+2 SInv}
rCold   . . .        (no shield)
rNeg    . . .        E - +0 steam dragon scales
rPois   +            g - +2 helmet
rElec   .            y - +0 cloak
rCorr   .            (no gloves)
SInv    +            p - +0 pair of boots
Will    .....        s - amulet of regeneration
Stlth   ++           u - ring of poison resistance
HPRegen 1.11/turn    (no ring)
MPRegen 0.15/turn

%: no passive effects
@: mighty, about to teleport, weakened, studying Summonings
A: fangs 1, strong nose, distributed training
a: no special abilities


You were on level 7 of the Dungeon.
You visited 1 branch of the dungeon, and saw 7 of its levels.

You collected 365 gold pieces.
You spent 121 gold pieces at shops.

Inventory:

Hand Weapons
 a - a +1 sling
 b - the +6 dagger "Usoazen" (weapon) {freeze, Int+2 SInv}
   (You found it on level 3 of the Dungeon)

   Int:       It affects your intelligence (+2).
   SInv:      It lets you see invisible.
Missiles
 q - 8 poisoned darts (quivered)
Armour
 g - a +2 helmet (worn)
 l - a +0 leather armour
 p - a +0 pair of boots (worn)
 y - a +0 cloak (worn)
 E - +0 steam dragon scales (worn)
Jewellery
 s - an amulet of regeneration (around neck)
 u - a ring of poison resistance (left hand)
 D - an amulet of magic regeneration
Wands
 f - a wand of paralysis (9)
 z - a wand of polymorph (7)
 B - a wand of roots (5)
Scrolls
 c - a scroll of amnesia
 h - 2 scrolls of fog
 i - a scroll of enchant armour {unknown}
 n - 3 scrolls of immolation
 v - 2 scrolls of noise
 w - a scroll of blinking {unknown}
 x - a scroll of brand weapon {unknown}
 C - a scroll of teleportation
Potions
 d - a potion of might
 e - 2 potions of cancellation
 k - a potion of brilliance
 m - a potion of curing
 r - a potion of lignification
 t - a potion of magic {unknown}
 A - a potion of invisibility {unknown}
 F - a potion of degeneration {unknown}
 H - 2 potions of mutation


   Skills:
 + Level 4.9 Fighting
 + Level 4.1 Short Blades
 + Level 4.1 Long Blades
 + Level 4.1 Axes
 + Level 4.1 Maces & Flails
 + Level 4.1 Polearms
 + Level 4.1 Staves
 + Level 6.2 Ranged Weapons
 + Level 4.1 Throwing
 + Level 4.1 Armour
 + Level 6.2 Dodging
 + Level 4.1 Stealth
 + Level 4.1 Shields
 + Level 4.1 Unarmed Combat
 + Level 5.1 Spellcasting
 + Level 3.4 Conjurations
 + Level 6.5 Hexes
 + Level 4.0 Summonings
 + Level 3.4 Necromancy
 + Level 3.4 Translocations
 + Level 3.4 Transmutations
 + Level 3.4 Fire Magic
 + Level 3.4 Ice Magic
 + Level 3.4 Air Magic
 + Level 3.4 Earth Magic
 + Level 3.4 Poison Magic
 + Level 4.5 Invocations
 + Level 4.1 Evocations


You had 8 spell levels left.
You knew the following spells:

 Your Spells              Type           Power      Damage    Failure   Level
a - Slow                  Hex            100%       N/A       1%          1
b - Sandblast             Erth           34%        2d9       3%          1
c - Portal Projectile     Hex/Tloc       46%        N/A       4%          3
d - Passwall              Tmut/Erth      14%        N/A       4%          2
e - Inner Flame           Hex/Fire       23%        N/A       4%          3

Your spell library contained the following spells:

 Spells                   Type           Power      Damage    Failure   Level
 Cigotuvi's Dreadful Rot  Necr/Pois/Air  34%        N/A       4%          2
 Lesser Beckoning         Tloc           34%        N/A       4%          2
 Frozen Ramparts          Ice            34%        1d6       9%          3
 Gell's Gravitas          Tloc           17%        N/A       9%          3
 Ignite Poison            Fire/Tmut/Pois 17%        N/A       9%          3
 Stone Arrow              Conj/Erth      34%        3d9       9%          3
 Teleport Other           Tloc           17%        N/A       9%          3
 Cause Fear               Hex            14%        N/A       9%          4
 Summon Ice Beast         Ice/Summ       19%        N/A       26%         4
 Ice Form                 Ice/Tmut       17%        N/A       30%         4
 Freezing Cloud           Conj/Ice/Air   8%         6-21      63%         5


Dungeon Overview and Level Annotations

Branches:
Dungeon (7/15)             Temple (0/1) D:7

Altars:
Kikubaaqudgha
Makhleb
Nemelex Xobeh
Trog
Yredelemnul

Shops:
D:2 !

Annotations:
D:4 1 runed translucent door, Crazy Yiuf


Innate Abilities, Weirdness & Mutations

You have very sharp teeth.
Your uncanny sense of smell can sniff out nearby items.
Your experience applies equally to all skills.


Message History

The killer bee buzzes angrily.
You puncture the gnoll! You freeze the gnoll.
You kill the gnoll!
The gnoll bouda barely misses you.
The bullfrog hits you but does no damage.
You puncture the gnoll bouda! You freeze the gnoll bouda.
The gnoll bouda is almost dead.
The bullfrog closely misses you.
The gnoll bouda mumbles some strange prayers to its god.
The gnoll bouda is healed somewhat.
You puncture the bullfrog! You freeze the bullfrog.
You kill the bullfrog!
The gnoll bouda gazes fiercely through you!
You feel your attacks grow feeble. The gnoll bouda closely misses you.
Casting: Sandblast (safe; 3% risk of failure)
Confirm with . or Enter, or press ? or * to list all spells.
Aiming: Sandblast (safe; 3% risk of failure)
Press: ? - help, Shift-Dir - straight line, f - gnoll bouda
Aim: a gnoll bouda, wielding a +0 club and wearing a +0 robe (severely wounded, 84% to hit)
The blast of sand hits the gnoll bouda.
The gnoll bouda is almost dead.
A killer bee comes into view.
The killer bee stings you!
* * * LOW HITPOINT WARNING * * *
The gnoll bouda gazes fiercely through you!
You feel as though you will be weak longer.
The gnoll bouda hits you but does no damage.
The killer bee closely misses you.
You miss the killer bee. The killer bee closely misses you.
The gnoll bouda prays to its god.
The gnoll bouda is healed somewhat.
The killer bee stings you.
* * * LOW HITPOINT WARNING * * *
Okay, then.
As you read the scroll of teleportation, it crumbles to dust.
You feel strangely unstable. The killer bee closely misses you.
The gnoll bouda gazes fiercely through you!
You feel as though you will be weak longer.
The gnoll bouda closely misses you. The killer bee stings you.
You die...

,,,,,,***,*,,,,**,,****
,,,*,,,,,.......##....#****
,,****,,,#............,,*,**
,,,,,,,*,............,,,,,,*
,,,,,,,,*...........,,,,,,,*
,,,,,****#.....y...*,,,,,,**
***,,* *#.....)..##,,,,***
*,,,*****.....)y†..#*,,,∆,*
*,,***,*,.....))@.(#***,,**
,,,*,,,,,......g...# ****
*,,,,,,,,.>....#.###
*,,,,,,,,......###
,,,,,,,,,.###.,,**
,,,,,,,,,,,*#.,,,**
,*,,,,*,,,,*#*,,,,*
,***,***,,,,***,,,* ,* ***
**,,** **,,*


You could see a gnoll bouda and 2 killer bees.

Vanquished Creatures
  Grinder (D:4)
  A wraith (D:5)
  A steam dragon (D:6)
  2 water moccasins (D:5)
  2 ice beasts
  A black bear (D:6)
  An ogre (D:5)
  3 bullfrogs
  A scorpion (D:5)
  A howler monkey (D:5)
  2 hounds
  A jelly (D:4)
  An orc priest (D:6)
  2 iguanas (D:5)
  Ijyb (D:5)
  A sleepcap (D:6)
  4 orc wizards (D:6)
  Robin (D:4)
  5 gnolls (D:7)
  11 adders
  2 white imps
  3 ufetubi
  3 worms
  3 dart slugs
  7 orcs
  10 endoplasms
  2 giant cockroaches (D:4)
  10 goblins
  8 hobgoblins
  4 jackals (D:3)
  A quokka (D:4)
  8 ball pythons
  3 bats (D:1)
  A frilled lizard (D:1)
  8 kobolds
  8 rats
124 creatures vanquished.

Vanquished Creatures (others)
  3 fungi (D:7)
3 creatures vanquished.

Grand Total: 127 creatures vanquished

Notes
Turn   | Place    | Note
-------+----------+-------------------------------------------
     0 | D:1      | garrulousMonolith the Gnoll Hexslinger began the quest for
                  | the Orb.
     0 | D:1      | Reached XP level 1. HP: 17/17 MP: 4/4
   135 | D:1      | Reached XP level 2. HP: 23/23 MP: 5/5
   489 | D:1      | Learned a level 1 spell: Sandblast
   743 | D:2      | Reached XP level 3. HP: 21/28 MP: 7/7
  1039 | D:2      | Reached skill level 1 in Invocations
  1103 | D:2      | Reached skill level 1 in Short Blades
  1103 | D:2      | Reached skill level 1 in Long Blades
  1103 | D:2      | Reached skill level 1 in Axes
  1103 | D:2      | Reached skill level 1 in Maces & Flails
  1103 | D:2      | Reached skill level 1 in Polearms
  1103 | D:2      | Reached skill level 1 in Staves
  1103 | D:2      | Reached skill level 1 in Throwing
  1103 | D:2      | Reached skill level 1 in Armour
  1103 | D:2      | Reached skill level 1 in Stealth
  1103 | D:2      | Reached skill level 1 in Shields
  1103 | D:2      | Reached skill level 1 in Unarmed Combat
  1103 | D:2      | Reached skill level 1 in Evocations
  1415 | D:2      | Reached XP level 4. HP: 34/34 MP: 8/8
  1481 | D:2      | Found Hyinnyoq's Distillery.
  1486 | D:2      | Bought a potion of curing for 33 gold pieces
  1486 | D:2      | Bought a potion of heal wounds for 55 gold pieces
  1486 | D:2      | Bought a potion of curing for 33 gold pieces
  1649 | D:3      | Learned a level 3 spell: Portal Projectile
  1821 | D:3      | Reached skill level 1 in Conjurations
  1821 | D:3      | Reached skill level 1 in Summonings
  1821 | D:3      | Reached skill level 1 in Necromancy
  1821 | D:3      | Reached skill level 1 in Translocations
  1821 | D:3      | Reached skill level 1 in Transmutations
  1821 | D:3      | Reached skill level 1 in Fire Magic
  1821 | D:3      | Reached skill level 1 in Ice Magic
  1821 | D:3      | Reached skill level 1 in Air Magic
  1821 | D:3      | Reached skill level 1 in Earth Magic
  1821 | D:3      | Reached skill level 1 in Poison Magic
  1989 | D:3      | Identified the +6 dagger "Usoazen" {freeze, Int+2 SInv}
  2004 | D:3      | Found a basalt altar of Yredelemnul.
  2005 | D:3      | Found a burning altar of Makhleb.
  2031 | D:3      | Found an ancient bone altar of Kikubaaqudgha.
  2231 | D:3      | Found a bloodstained altar of Trog.
  2356 | D:4      | Reached XP level 5. HP: 26/41 MP: 9/9
  2641 | D:4      | Found a runed translucent door.
  2642 | D:4      | Noticed Crazy Yiuf
  2762 | D:4      | Noticed Grinder
  2764 | D:4      | Paralysed by Grinder for 2 turns
  2782 | D:4      | Killed Grinder
  2783 | D:4      | Reached skill level 5 in Ranged Weapons
  2783 | D:4      | Reached skill level 5 in Dodging
  2783 | D:4      | Reached XP level 6. HP: 46/47 MP: 9/11
  3022 | D:4      | Noticed Robin
  3040 | D:4      | Killed Robin
  3211 | D:5      | Entered Level 5 of the Dungeon
  3212 | D:5      | Noticed a water moccasin
  3213 | D:5      | Noticed a water moccasin
  3217 | D:5      | HP: 2/47 [water moccasin (3)]
  3221 | D:5      | Noticed Ijyb
  3238 | D:5      | Paralysed by Ijyb for 2 turns
  3248 | D:5      | Reached XP level 7. HP: 15/52 MP: 12/12
  3257 | D:5      | Killed Ijyb
  3439 | D:5      | Noticed a wraith
  3442 | D:5      | Reached XP level 8. HP: 60/60 MP: 14/14
  3795 | D:5      | Killed a wraith
  4105 | D:5      | Learned a level 2 spell: Passwall
  4109 | D:5      | Learned a level 3 spell: Inner Flame
  4161 | D:6      | You fall into a shaft and drop 1 floor!
  4241 | D:6      | Learned a level 2 spell: Cigotuvi's Dreadful Rot
  4787 | D:6      | Reached XP level 9. HP: 66/67 MP: 11/16
  4908 | D:6      | Found a sparkling altar of Nemelex Xobeh.
  4951 | D:6      | Reached skill level 5 in Spellcasting
  5449 | D:7      | Noticed a two-headed ogre
  5570 | D:7      | HP: 3/67 [killer bee (7)]
  5571 | D:7      | HP: 1/67 [killer bee (3)]
  5572 | D:7      | Slain by a killer bee

Illustrated notes

Levels and vault maps discovered:
D:1:      dpeg_arrival_ratfight, layout_basic, grunt_decor_mini_mirrors,
          interstate_on_off, chequers_serial_rivers_micro_c
D:2:      layout_basic, serial_shops, nicolae_shop_peninsula, minmay_3d_cube
D:3:      layout_basic, mainiacjoe_overflow_alcove_3
D:4:      layout_basic, minmay_misc_feat_room, uniq_grinder,
          uniq_crazy_yiuf_cottage, uniq_robin
D:5:      layout_rooms, minmay_manual_moon, uniq_ijyb
D:6:      layout_basic, general_overflow_altar, serial_bayou_pond_e
D:7:      kennysheep_steamy, layout_cave_pools,
          minmay_temple_entry_antechambers, minmay_misc_feat_columns

Skill      XL: |  1  2  3  4  5  6  7  8  9 |
---------------+----------------------------+-----
Invocations    | 1 2 3 4 |  4.5
Short Blades   | 1 2 3 4 |  4.1
Long Blades    | 1 2 3 4 |  4.1
Axes           | 1 2 3 4 |  4.1
Maces & Flails | 1 2 3 4 |  4.1
Polearms       | 1 2 3 4 |  4.1
Staves         | 1 2 3 4 |  4.1
Throwing       | 1 2 3 4 |  4.1
Armour         | 1 2 3 4 |  4.1
Stealth        | 1 2 3 4 |  4.1
Shields        | 1 2 3 4 |  4.1
Unarmed Combat | 1 2 3 4 |  4.1
Evocations     | 1 2 3 4 |  4.1
Spellcasting   | 3 4 5 |  5.1
Conjurations   | 1 2 3 |  3.4
Summonings     | 1 2 3 4 |  4.0
Necromancy     | 1 2 3 |  3.4
Translocations | 1 2 3 |  3.4
Transmutations | 1 2 3 |  3.4
Fire Magic     | 1 2 3 |  3.4
Ice Magic      | 1 2 3 |  3.4
Air Magic      | 1 2 3 |  3.4
Earth Magic    | 1 2 3 |  3.4
Poison Magic   | 1 2 3 |  3.4
Fighting       | 3 4 |  4.9
Ranged Weapons | 5 6 |  6.2
Dodging        | 5 6 |  6.2
Hexes          | 6 |  6.5

Action                     |  1- 3 |  4- 6 |  7- 9 || total
---------------------------+-------+-------+-------++-------
  Melee: Dagger            |     3 |    46 |   129 ||   178
         Bite              |       |     1 |    14 ||    15
         Punch             |       |     1 |     2 ||     3
   Fire: Sling             |    91 |   142 |   109 ||   342
   Cast: Sandblast         |       |     6 |    43 ||    49
         Slow              |       |     1 |     1 ||     2
         Inner Flame       |       |       |     1 ||     1
         Cigotuvi's Dreadf |       |       |     1 ||     1
  Evoke: Wand              |       |       |     5 ||     5
    Use: Scroll            |     1 |     2 |    12 ||    15
         Potion            |     1 |     6 |     4 ||    11
   Stab: Paralysed         |       |       |     1 ||     1
 Armour: Leather armour    |    10 |    46 |    54 ||   110
         Steam dragon scal |       |       |    19 ||    19
  Dodge: Dodged            |    21 |   119 |   176 ||   316

Table legend: (Time is in decaauts)
 A = Elapsed time spent in this place.
 B = Non-inter-level travel time spent in this place.
 C = Inter-level travel time spent in this place.
 D = Time resting spent in this place.
 E = Time spent auto-exploring this place.
 F = Levels seen in this place.
 G = Mean time per level.
                   A        B        C        D        E       F      G
               +--------+--------+--------+--------+--------+-----+--------+
         Total |   5624 |   5427 |    197 |   1094 |   3117 |   7 |  803.4 |
       Dungeon |   5624 |   5427 |    197 |   1094 |   3117 |   7 |  803.4 |
               +--------+--------+--------+--------+--------+-----+--------+

Top non-repeatable levels by time:
     D:6: 1329 daAuts
     D:4: 997 daAuts
     D:2: 910 daAuts
     D:5: 879 daAuts
     D:1: 744 daAuts
     D:3: 676 daAuts
     D:7: 87 daAuts
